 Dungeon Crawl Stone Soup version 0.28.0-43-g3370ac3207 (webtiles) character file.

Game seed: 2246064934811637752

7029 pkoi the Zephyrmancer (level 11, -5/54 HPs)
             Began as an Octopode Air Elementalist on Mar 17, 2022.
             Was a Priest of Hepliaklqana.
             Slain by a yak (12 damage)
             ... on level 1 of the Lair of Beasts.
             The game lasted 00:23:46 (16303 turns).

pkoi the Zephyrmancer (Octopode Air Elementalist)  Turns: 16303, Time: 00:23:46

Health: -5/54      AC:  9    Str:  7    XL:     11   Next: 8%
Magic:  22/22      EV: 13    Int: 26    God:    Hepliaklqana [***...]
Gold:   464        SH:  0    Dex: 14    Spells: 9/25 levels left

rFire   + . .      SeeInvis +   n - +5 spear "Impslayer" {flame, Int+5}
rCold   . . .      Faith    .   (no shield)
rNeg    . . .      Spirit   .   (helmet restricted)
rPois   .          Reflect  .   (no amulet)
rElec   .          Harm     .   a - +4 ring of protection
rCorr   .          Rampage  .   i - +4 ring of protection
Will    .....                   m - ring of wizardry
Stlth   +++.......              x - ring of see invisible
HPRegen 0.18/turn               B - ring of protection from fire
MPRegen 0.18/turn               (no ring)
                                (no ring)
                                (no ring)

@: no status effects
A: reduced essence, almost no armour, amphibious, 8 rings, camouflage 1,
gelatinous body 1, (nimble swimmer 1), tentacles
a: Renounce Religion, Recall Ancestor, Ancestor Identity, Transference


You were on level 1 of the Lair of Beasts.
You worshipped Hepliaklqana.
Hepliaklqana was most pleased with you.
You visited 3 branches of the dungeon, and saw 11 of its levels.

You collected 464 gold pieces.

Inventory:

Hand Weapons
 d - a +0 dagger
 f - a +4 vampiric dagger
 l - a +0 dagger of speed
 n - the +5 spear "Impslayer" (weapon) {flame, Int+5}
   (You found it on level 3 of the Dungeon)

   It burns those it strikes, dealing additional fire damage.
   Int:       It affects your intelligence (+5).
Missiles
 s - a throwing net
Jewellery
 a - a +4 ring of protection (left tentacle)
 i - a +4 ring of protection (right tentacle)
 m - a ring of wizardry (on tentacle)
 x - a ring of see invisible (on tentacle)
 B - a ring of protection from fire (on tentacle)
Wands
 u - a wand of iceblast (3)
Scrolls
 e - a scroll of fog
 q - 2 scrolls of enchant weapon
 r - a scroll of torment {unknown}
 t - 2 scrolls of teleportation
 w - a scroll of fear {unknown}
 y - a scroll of acquirement {unknown}
 A - a scroll of immolation {unknown}
Potions
 b - 2 potions of mutation
 c - 2 potions of lignification
 g - 3 potions of brilliance
 h - 2 potions of curing
 j - 2 potions of attraction
 k - a potion of might
 o - 2 potions of heal wounds
 p - a potion of flight
 v - 2 potions of magic {unknown}
 z - a potion of berserk rage {unknown}
 C - a potion of cancellation {unknown}


   Skills:
 - Level 2.0 Dodging
 - Level 2.6 Stealth
 + Level 7.5 Spellcasting
 - Level 1.0 Conjurations
 + Level 7.3 Summonings
 + Level 5.6 Translocations
 + Level 11.8 Air Magic


You had 9 spell levels left.
You knew the following spells:

 Your Spells              Type           Power      Damage    Failure   Level
a - Shock                 Conj/Air       100%       1d9       1%          1
b - Airstrike             Air            31%        N/A       1%          4
c - Swiftness             Air            63%        N/A       1%          3
d - Call Canine Familiar  Summ           47%        N/A       1%          3
e - Summon Forest         Summ/Tloc      21%        N/A       4%          5

Your spell library contained the following spells:

 Spells                   Type           Power      Damage    Failure   Level
 Static Discharge         Conj/Air       43%        N/A       1%          2
 Freeze                   Ice            36%        1d6       2%          1
 Portal Projectile        Hex/Tloc       48%        N/A       2%          3
 Ensorcelled Hibernation  Hex/Ice        18%        N/A       3%          2
 Passwall                 Tmut/Erth      7%         N/A       3%          2
 Dazzling Flash           Conj/Hex       24%        N/A       6%          3
 Silence                  Hex/Air        20%        N/A       6%          5
 Frozen Ramparts          Ice            18%        1d3       8%          3
 Hailstorm                Conj/Ice       12%        3d5       19%         4
 Leda's Liquefaction      Hex/Erth       4%         N/A       24%         4
 Agony                    Necr           9%         N/A       52%         5
 Lee's Rapid Deconstruct  Erth           4%         3d6*      52%         5
 Summon Hydra             Summ           23%        N/A       65%         7
 Eringya's Noxious Bog    Tmut/Pois      4%         N/A       97%         6
 Statue Form              Tmut/Erth      6%         N/A       97%         6


Dungeon Overview and Level Annotations

Branches:
Dungeon (8/15)             Temple (1/1) D:4            Lair (2/6) D:8
  Swamp: Lair:2-4    Shoals: Lair:2-4     Snake: Lair:2-4    Spider: Lair:2-4

Altars:
Ashenzari
Cheibriados
Fedhas
Gozag
Hepliaklqana
Kikubaaqudgha
Makhleb
Okawaru
Qazlal
Ru
Sif Muna
Trog
Uskayaw
Vehumet
Zin
The Shining One

Shops:
D:5 *

Annotations:
D:5 1 runed translucent door, BigDaddyOpFi's ghost, amateur DsWn


Innate Abilities, Weirdness & Mutations

Your life essence is reduced to manifest your ancestor. (-10% HP)
You cannot wear most types of armour.
You are amphibious.
You can wear up to eight rings at the same time.
Your skin changes colour to match your surroundings (Stealth+).
Your rubbery body absorbs attacks. (AC +1, EV +1)
((You are camouflaged when in or above water. (Stealth+)))
You have tentacles for arms and can constrict up to eight enemies at once.


Message History

There is a stone staircase leading up, spattered with blood here.
Unknown command.
The yak closely misses you.
Cayla hits the yak.
The komodo dragon bites you!
* * * LOW HITPOINT WARNING * * *
The yak gores you.
* * * LOW HITPOINT WARNING * * *
The yak gores Cayla.
You climb upwards.
There is a stone staircase leading down here.
Unknown command.
Unknown command.
Okay, then.
Unknown command.
Unknown command.
Cayla hits the yak but does no damage.
The komodo dragon barely misses you. The yak barely misses you.
The yak gores Cayla.
The yak misses Cayla.
Cayla barely misses the yak.
The yak closely misses Cayla.
Cayla hits the yak.
The yak gores Cayla.
Casting: Airstrike (safe; 1% risk of failure)
Confirm with . or Enter, or press ? or * to list all spells.
The komodo dragon bites you!
* * * LOW HITPOINT WARNING * * *
Something gores Cayla but does no damage.
Your wolf bites the komodo dragon!
The komodo dragon bites your wolf!!
Your wolf dies!
Your wolf's corpse disappears in a puff of smoke!
Cayla completely misses the yak.
Something gores Cayla!
As you read the scroll of teleportation, it crumbles to dust.
You feel strangely unstable.
The yak misses Cayla.
Cayla hits the yak but does no damage.
The yak barely misses Cayla.
The yak gores Cayla!
Cayla hits the yak.
The yak gores Cayla!
The yak gores Cayla but does no damage.
Cayla hits the yak but does no damage.
The yak closely misses Cayla.
Your surroundings suddenly seem different.
Are you sure you want to remember your ancestor as a hexer?
It is so.
The yak gores you!
You die...

..##...........#.....##.#.##.....
..##.....#...........Y.....#.....
..##....##....##.....#.....#.....
..#......#....##.....#.....#.....
.....#..##....##.....#.....#.....
........#.........R..#...........
##....#.#.....##.....#.....#.....
...#..######.###Y....##..###.....
.......# ####.#@................
.......####.##...................
♣.♣......#.♣.....................
.....#..#.....##.................
.>...#..+..♣.♣###...#####.#####..
.....#..#.....# #......#### #..
♣.♣..#..##.♣†####...##...#### #..
....#....###.#.##...♣.......###..
.......#........#...........♣....


You could see the friendly Cayla the hexer and 2 yaks.

Vanquished Creatures
  A two-headed ogre (D:8)
  A black mamba (Lair:1)
  Prince Ribbit (D:7)
  Grinder (D:4)
  3 wargs (D:8)
  6 water moccasins
  A black bear (D:6)
  An orc warrior (D:7)
  A necrophage (D:6)
  2 sky beasts
  2 ogres
  16 wolves
  A centaur (D:8)
  A phantom (D:6)
  A gnoll sergeant (D:7)
  2 bullfrogs
  A scorpion (D:5)
  2 water moccasin zombies
  A howler monkey (D:6)
  A bullfrog zombie (D:4)
  A jelly (D:4)
  A hound (D:4)
  5 orc priests
  2 centaur skeletons
  3 iguanas
  Jessica (D:2)
  Natasha (thrice) (D:2)
  A bullfrog skeleton (D:5)
  2 scorpion zombies (D:4)
  5 orc wizards
  A hound skeleton (D:4)
  A howler monkey zombie (D:8)
  4 adders
  4 gnolls (D:7)
  A white imp (D:7)
  An adder zombie (D:4)
  5 worms
  3 dart slugs
  19 orcs
  6 ball pythons
  7 bats
  5 endoplasms
  7 giant cockroaches
  7 goblins
  7 hobgoblins
  9 kobolds
  3 quokkas
  A frilled lizard (D:1)
  8 rats
169 creatures vanquished.

Vanquished Creatures (collateral kills)
  A two-headed ogre (D:8)
  A cane toad (Lair:1)
  6 wolves (Lair:1)
8 creatures vanquished.

Vanquished Creatures (others)
  3 ancestors
  A gnoll (D:5)
  3 fungi (Lair:1)
  5 plants
  5 withered plants (D:4)
17 creatures vanquished.

Grand Total: 194 creatures vanquished

Notes
Turn   | Place    | Note
-------+----------+-------------------------------------------
     0 | D:1      | pkoi the Octopode Air Elementalist began the quest for the
                  | Orb.
     0 | D:1      | Reached XP level 1. HP: 11/11 MP: 3/3
   285 | D:1      | Reached XP level 2. HP: 17/17 MP: 1/5
   800 | D:1      | Found a faded altar of an unknown god.
   951 | D:1      | Noticed a golden eye
   963 | D:1      | Noticed a golden eye
   964 | D:1      | Noticed a great orb of eyes
   964 | D:1      | Noticed an eye of devastation
   974 | D:1      | Reached skill level 4 in Air Magic
  1046 | D:1      | Reached XP level 3. HP: 21/21 MP: 2/6
  1759 | D:2      | Noticed Jessica
  1759 | D:2      | Noticed Natasha
  2208 | D:2      | Reached XP level 4. HP: 27/27 MP: 2/7
  2761 | D:2      | Killed Natasha
  2762 | D:2      | Reached skill level 5 in Air Magic
  2824 | D:2      | Killed Jessica
  2825 | D:2      | Reached XP level 5. HP: 25/31 MP: 4/8
  2841 | D:2      | Noticed Natasha
  2986 | D:2      | Killed Natasha
  3198 | D:2      | Noticed Natasha
  3205 | D:2      | Killed Natasha
  3206 | D:2      | Reached skill level 6 in Air Magic
  3405 | D:3      | Learned a level 4 spell: Airstrike
  3409 | D:3      | Learned a level 3 spell: Swiftness
  4106 | D:3      | Identified the +5 spear "Impslayer" {flame, Int+5}
  4529 | D:3      | Reached XP level 6. HP: 36/36 MP: 2/9
  5177 | D:4      | Noticed Grinder
  5581 | D:4      | Found a blossoming altar of Fedhas.
  5735 | D:4      | Reached skill level 7 in Air Magic
  5884 | D:4      | Reached XP level 7. HP: 32/41 MP: 4/10
  6380 | D:4      | Found a staircase to the Ecumenical Temple.
  6403 | Temple   | Entered the Ecumenical Temple
  6512 | Temple   | Became a worshipper of Hepliaklqana the Forgotten
  6560 | D:5      | Entered Level 5 of the Dungeon
  6820 | D:5      | Found Naojaug's General Store.
  6930 | D:5      | Reached skill level 8 in Air Magic
  6938 | D:5      | Found a runed translucent door.
  6939 | D:5      | Noticed BigDaddyOpFi's ghost (amateur DsWn)
  7857 | D:6      | Reached XP level 8. HP: 46/46 MP: 4/13
  8391 | D:6      | Reached skill level 9 in Air Magic
  8653 | D:6      | Noticed a yak
  8750 | D:6      | Noticed a yak
  8760 | D:6      | Learned a level 3 spell: Call Canine Familiar
  8919 | D:4      | Killed Grinder
  8920 | D:4      | Reached skill level 1 in Summonings
  9246 | D:4      | Noticed Eustachio
  9595 | D:6      | Noticed a yak
  9596 | D:6      | Noticed a yak
  9692 | D:6      | Noticed a yak
  9925 | D:6      | Found a glowing silver altar of Zin.
 10101 | D:6      | Reached * piety under Hepliaklqana
 10275 | D:6      | Found an ancient bone altar of Kikubaaqudgha.
 10473 | D:6      | Reached XP level 9. HP: 45/45 MP: 3/16
 10610 | D:7      | Reached skill level 5 in Spellcasting
 10610 | D:7      | Reached skill level 10 in Air Magic
 11682 | D:7      | Reached ** piety under Hepliaklqana
 11763 | D:7      | Learned a level 5 spell: Summon Forest
 12348 | D:8      | Noticed a two-headed ogre
 12352 | D:8      | Killed a two-headed ogre
 12353 | D:8      | Reached skill level 5 in Summonings
 13025 | D:8      | Reached XP level 10. HP: 50/50 MP: 6/19
 13226 | D:8      | Found a staircase to the Lair.
 13368 | D:8      | Noticed a two-headed ogre
 13374 | D:8      | Killed a two-headed ogre
 13375 | D:8      | Reached skill level 11 in Air Magic
 13652 | D:8      | Noticed Prince Ribbit
 13671 | D:7      | Killed Prince Ribbit
 14127 | Lair:1   | Entered Level 1 of the Lair of Beasts
 15067 | Lair:1   | Reached skill level 5 in Translocations
 15302 | Lair:1   | You fall into a shaft and drop 1 floor!
 15436 | Lair:1   | Noticed a cane toad
 15441 | Lair:1   | Killed a cane toad
 15695 | Lair:1   | Noticed a black mamba
 15700 | Lair:1   | Killed a black mamba
 15701 | Lair:1   | Reached XP level 11. HP: 54/54 MP: 5/22
 15824 | Lair:1   | Reached *** piety under Hepliaklqana
 16269 | Lair:1   | HP: 1/54 [komodo dragon (15)]
 16303 | Lair:1   | Remembered your ancestor Cayla as a hexer
 16303 | Lair:1   | Slain by a yak

Illustrated notes

Levels and vault maps discovered:
D:1:      dpeg_arrival_rooms_b, layout_loops_cross,
          hellmonk_ecumenical_altar_watching_god
D:2:      layout_basic, uniq_jessica, uniq_natasha
D:3:      layout_basic, serial_glass, glass_columns_c, glass_columns_a,
          glass_columns_a, glass_columns_b
D:4:      layout_basic, mainiacjoe_overflow_24_doors,
          minmay_temple_entry_gardened_gates, serial_undead, serial_undead_c,
          serial_undead_e, serial_undead_e, serial_undead_d, uniq_eustachio,
          uniq_grinder
D:5:      layout_loops_ring, serial_shops, kennysheep_mini,
          ebering_ghost_sewer_d, lemuel_old_faithful
D:6:      layout_basic, mainiacjoe_overflow_small_starburst, lemuel_doored_altar
D:7:      layout_basic
D:8:      layout_loops_ring, erik_lair_orcish_takeover, abandoned_shop,
          grunt_ministairs_10, uniq_prince_ribbit1
Temple:   dshaligram_water_room_temple
Lair:1:   layout_regular_city, grunt_forest_large_clearings,
          serial_bayou_shore_b, grunt_megastairs_2
Lair:2:   layout_cave_shapes, portal_ice_cave_demonic_guard, enter_volcano_1

Skill      XL: |  1  2  3  4  5  6  7  8  9 10 |
---------------+-------------------------------+-----
Air Magic      | 4 5 6 7 8 9 10 11 | 11.8
Spellcasting   | 3 4 6 7 |  7.5
Summonings     | 3 5 7 |  7.3
Translocations | 2 5 |  5.6
Dodging        | |  2.0
Stealth        | |  2.6
Conjurations   | |  1.0

Action                   |  1- 3 |  4- 6 |  7- 9 | 10-12 || total
-------------------------+-------+-------+-------+-------++-------
Melee: Constrict         |     4 |     8 |     2 |     4 ||    18
       Unarmed           |     1 |       |       |       ||     1
       Dagger            |     9 |     7 |       |       ||    16
       Punch             |     2 |       |       |       ||     2
       Tentacles         |     1 |     5 |     3 |     3 ||    12
       Spear             |       |    19 |    13 |    25 ||    57
 Cast: Shock             |    70 |   122 |    20 |       ||   212
       Airstrike         |       |       |   101 |    61 ||   162
       Call Canine Famil |       |       |       |     8 ||     8
       Summon Forest     |       |       |       |     1 ||     1
Invok: Ancestor Identity |       |       |     2 |       ||     2
       Recall Ancestor   |       |       |       |     1 ||     1
       Ancestor Life: He |       |       |       |     1 ||     1
  Use: Scroll            |     2 |       |    15 |     1 ||    18
 Stab: Sleeping          |       |     1 |       |       ||     1
Armor: Skin              |     4 |    14 |    10 |    13 ||    41
Dodge: Dodged            |     6 |    25 |    22 |    48 ||   101
